 Dungeon Crawl Stone Soup version 0.31-a0-609-g7bf6ffcfed (webtiles) character file.

Game seed: 14600155856750849708

2901 Dittersdorf the Protected (level 9, -2/59 HPs)
             Began as a Gargoyle Fighter on Aug 21, 2023.
             Was a Priest of Okawaru.
             Slain by an orc warlord
             ... wielding a +8 broad axe
              (15 damage)
             ... in a bailey.
             The game lasted 00:10:03 (7855 turns).

Dittersdorf the Protected (Gargoyle Fighter)        Turns: 7855, Time: 00:10:04

Health: -2/59      AC: 21    Str: 23    XL:     9   Next: 78%
Magic:  0/9        EV: 12    Int: 10    God:    Okawaru [***...]
Gold:   450        SH:  6    Dex:  5    Spells: 8/8 levels left

rFire   + . .        g - +4 morningstar of the Equinox {freeze, rPois rF+ rC+++ Dex-4}
rCold   + + +        c - +0 buckler
rNeg    + . .        r - +3 leather armour {rC+}
rPois   ∞            o - +0 helmet
rElec   +            n - +0 cloak
rCorr   .            (no gloves)
SInv    .            (no boots)
Will    +....        y - amulet of guardian spirit
Stlth   ++           e - ring of willpower
HPRegen 0.29/turn    k - +4 ring of protection
MPRegen 0.11/turn

%: guardian spirit
@: mighty, heroic
A: sickness immunity, AC +6, negative energy resistance 1, electricity
resistance, torment resistance 1, petrification resistance
a: Renounce Religion, Heroism


You were in a bailey.
You worshipped Okawaru.
Okawaru was most pleased with you.
You visited 1 branch of the dungeon, and saw 8 of its levels.
You also visited: Bailey.

You collected 450 gold pieces.

Inventory:

Hand Weapons
 g - the +4 morningstar of the Equinox (weapon) {freeze, rPois rF+ rC+++ Dex-4}
   (You acquired it on level 5 of the Dungeon)

   Dex-4:     It affects your dexterity (-4).
   rF+:       It protects you from fire.
   rC+++:     It renders you almost immune to cold.
   rPois:     It protects you from poison
 A - a +1 flail of draining
Missiles
 a - a throwing net
 D - 4 curare-tipped darts
Armour
 c - a +0 buckler (worn)
 n - a +0 cloak (worn)
 o - a +0 helmet (worn)
 q - a +0 plate armour
 r - a +3 leather armour of cold resistance (worn)
Jewellery
 e - a ring of willpower (left hand)
 f - a ring of see invisible
 k - a +4 ring of protection (right hand)
 y - an amulet of guardian spirit (around neck)
Wands
 s - a wand of flame (29) (quivered)
Scrolls
 b - a scroll of enchant armour
 l - 2 scrolls of enchant weapon {unknown}
 p - a scroll of poison
 w - a scroll of fog
 z - 2 scrolls of teleportation
Potions
 i - a potion of berserk rage {unknown}
 j - a potion of degeneration {unknown}
 m - a potion of heal wounds {unknown}
 u - a potion of invisibility {unknown}
 v - a potion of resistance {unknown}
 x - a potion of cancellation
 B - 3 potions of haste


   Skills:
 + Level 7.9(12.9) Fighting
 + Level 6.9(11.9) Maces & Flails
 + Level 8.0(13.0) Armour
 + Level 8.0(13.0) Shields


You had 8 spell levels left.
You didn't know any spells.
Your spell library contained the following spells:

 Spells                   Type           Power      Damage    Failure   Level
 Magic Dart               Conj           0%         1d3       43%         1
 Slow                     Hex            0%         N/A       43%         1
 Searing Ray              Conj           0%         2d4       56%         2
 Confusing Touch          Hex            0%         N/A       80%         3
 Vampiric Draining        Necr           0%         2d6       80%         3
 Fulminant Prism          Conj/Hex       0%         3d5       99%         4


Dungeon Overview and Level Annotations

Branches:
Dungeon (8/15)             Temple (0/1) D:4          Bailey (1/1)
   Lair: D:8-11

Altars:
Cheibriados
Nemelex Xobeh
Okawaru

Annotations:
D:6 3 runed translucent doors, knightboat's ghost, novice OpSh


Innate Abilities, Weirdness & Mutations

You are immune to sickness and miasma.
Your stone body is resilient. (AC +6)
You are immune to poison.
You resist negative energy. (rN+)
You are resistant to electric shocks. (rElec)
You are resistant to unholy torment.
You are immune to petrification.


Message History

There is an open door here.
There is an open door here.
Found a gate leading back out of this place.
You open the gate.
There is an open door here.
You enter the shallow water.
Moving in this stuff is going to be slow.
The orc warlord attacks as it pursues you!
The orc warlord hits you with a +8 broad axe.
You gain the combat prowess of a mighty hero.
Okay, then.
You feel very mighty all of a sudden. You block the orc warlord's attack.
You puncture the orc warlord! You freeze the orc warlord.
The orc warlord is lightly wounded.
The orc warlord hits you with a +8 broad axe!
You barely miss the orc warlord.
The orc warlord is lightly wounded.
The orc warlord hits you with a +8 broad axe!
You sock the orc warlord! You freeze the orc warlord.
The orc warlord is moderately wounded.
The orc warlord hits you with a +8 broad axe!
You completely miss the orc warlord.
The orc warlord is lightly wounded.
The orc warlord splashes around in the water.
You barely miss the orc warlord.
The orc warlord is lightly wounded.
The orc warlord splashes around in the water.
You hit the orc warlord. You freeze the orc warlord.
The orc warlord is moderately wounded.
The orc warlord hits you with a +8 broad axe!!
* * * LOW HITPOINT WARNING * * *
You feel better.
The orc warlord hits you with a +8 broad axe.
* * * LOW HITPOINT WARNING * * *
As you read the scroll labelled BUIBBU ITSU, it crumbles to dust.
Wisps of shadow whirl around you...
The shadows disperse without effect.
It was a scroll of summoning.
The orc warlord hits you with a +8 broad axe!
You die...

##....#~..... .!~#....##..
##.....#~~#~.. .| #.....##.
##......####~~ ~ ##......##
#...8......#########........#
#..........'.).).[....8..8..#
#..........#~~~)~#).........#
##..8..8...#~~~~~#.........##
##.......##o~~~~##...8...##
##.....##.@.....##.....##
##...##.........##...##
#####♣♣♣.....♣♣♣##### ♣♣♣∩♣♣♣
♣♣♣


You could see an orc warlord.

Vanquished Creatures
  Maggie (D:7)
  Grinder (D:5)
  Edmund (D:5)
  2 water moccasins (D:6)
  Duvessa (D:5)
  4 orc warriors (Bailey)
  A black bear (D:6)
  An ogre (D:4)
  A centaur (D:7)
  A bullfrog (D:6)
  A gnoll sergeant (D:6)
  3 scorpions
  4 wights
  Dowan (D:5)
  A jelly (D:5)
  A howler monkey (D:6)
  3 hounds
  An orc priest (D:8)
  2 gnoll boudas
  2 iguanas (D:5)
  3 orc wizards
  Natasha (thrice) (D:2)
  Robin (D:2)
  8 adders
  14 gnolls
  A shadow imp (D:6)
  3 white imps (D:6)
  An ufetubus (D:7)
  2 dart slugs (D:1)
  15 orcs
  8 endoplasms
  3 giant cockroaches
  17 goblins
  8 hobgoblins
  9 jackals
  2 quokkas (D:1)
  3 ball pythons
  4 bats (D:1)
  4 frilled lizards
  17 kobolds
  3 rats
162 creatures vanquished.

Notes
Turn   | Place    | Note
-------+----------+-------------------------------------------
     0 | D:1      | Dittersdorf the Gargoyle Fighter began the quest for the
                  | Orb.
     0 | D:1      | Reached XP level 1. HP: 14/14 MP: 1/1
   132 | D:1      | Reached XP level 2. HP: 9/19 MP: 2/2
   487 | D:1      | Reached XP level 3. HP: 23/23 MP: 3/3
   891 | D:2      | Noticed Robin
   903 | D:2      | Killed Robin
   906 | D:2      | Reached XP level 4. HP: 17/29 MP: 4/4
  1056 | D:2      | Noticed Natasha
  1065 | D:2      | Killed Natasha
  1929 | D:2      | Noticed Natasha
  1935 | D:2      | Killed Natasha
  1936 | D:2      | Reached XP level 5. HP: 29/33 MP: 5/5
  2951 | D:2      | Noticed Natasha
  2959 | D:2      | Killed Natasha
  3645 | D:3      | Found a snail-covered altar of Cheibriados.
  3654 | D:3      | Found an iron altar of Okawaru.
  3657 | D:3      | Became a worshipper of Warmaster Okawaru
  3737 | D:4      | Noticed an ogre
  3756 | D:4      | Killed an ogre
  3757 | D:4      | Reached XP level 6. HP: 21/39 MP: 6/6
  3832 | D:4      | Found a staircase to the Ecumenical Temple.
  4571 | D:5      | Entered Level 5 of the Dungeon
  4589 | D:5      | Identified a scroll of acquirement
  4589 | D:5      | Acquired the +4 morningstar of the Equinox {freeze, rPois
                  | rF+ rC+++ Dex-4}
  4609 | D:5      | Noticed Dowan
  4610 | D:5      | Noticed Duvessa
  4618 | D:5      | Killed Duvessa
  4618 | D:5      | Reached * piety under Okawaru
  4619 | D:5      | Reached skill level 5 in Fighting
  4619 | D:5      | Reached skill level 5 in Armour
  4619 | D:5      | Reached skill level 5 in Shields
  4619 | D:5      | Reached XP level 7. HP: 43/44 MP: 7/7
  4620 | D:5      | Killed Dowan
  4772 | D:5      | Noticed Edmund
  4795 | D:5      | Killed Edmund
  4960 | D:5      | Reached ** piety under Okawaru
  5021 | D:5      | Noticed Grinder
  5031 | D:5      | Killed Grinder
  5032 | D:5      | Reached XP level 8. HP: 45/51 MP: 8/8
  5073 | D:5      | Reached skill level 5 in Maces & Flails
  5205 | D:5      | Found a sparkling altar of Nemelex Xobeh.
  6008 | D:6      | Found a runed translucent gate.
  6008 | D:6      | Found a runed translucent gate.
  6008 | D:6      | Found a runed translucent gate.
  6009 | D:6      | Noticed knightboat's ghost (novice OpSh)
  6328 | D:6      | Reached *** piety under Okawaru
  6409 | D:6      | Reached XP level 9. HP: 56/56 MP: 6/9
  7090 | D:7      | Noticed Maggie
  7107 | D:7      | Killed Maggie
  7236 | D:7      | You fall into a shaft and drop 1 floor!
  7305 | D:8      | Found a flagged portal.
  7348 | Bailey   | Entered a bailey
  7367 | Bailey   | Noticed an orc warlord
  7744 | Bailey   | Found a runed translucent gate.
  7746 | Bailey   | Found a runed translucent gate.
  7747 | Bailey   | Found a runed translucent gate.
  7855 | Bailey   | Slain by an orc warlord

Illustrated notes

Levels and vault maps discovered:
D:1:      sevenhm_arrival_forest_fort_large_2, layout_loops_ring
D:2:      layout_loops_ring, hangedman_decor_push, dreamdust_princess_bridge,
          uniq_robin, uniq_natasha
D:3:      layout_loops_cross, mainiacjoe_overflow_swirl
D:4:      layout_loops_ring, minmay_temple_entry_sparse_star
D:5:      layout_basic, nemelex_altar_shiori, uniq_grinder, uniq_edmund,
          uniq_duvessa
D:6:      layout_loops_corners, gammafunk_ghost_necromancy, grunt_ministairs_10,
          nicolae_figureground_sparkle
D:7:      layout_loops_cross, dk_noncrumbling_3, uniq_joseph, uniq_maggie
D:8:      layout_loops_cross, nzn_overflow_gifts_of_might_and_magic,
          marbit_many_paths, enter_bailey_5, minmay_diamond_spiral, uniq_pikel
Bailey:   bailey_axe_bossmonster_kennysheep, bailey

Skill      XL: |  1  2  3  4  5  6  7  8  9 |
---------------+----------------------------+-----
Fighting       | 4 5 6 7 |  7.9
Armour         | 4 5 6 7 8 |  8.0
Shields        | 4 5 6 7 8 |  8.0
Maces & Flails | 3 4 5 6 |  6.9

Action                     |  1- 3 |  4- 6 |  7- 9 || total
---------------------------+-------+-------+-------++-------
  Melee: Flail             |   137 |   167 |       ||   304
         Morningstar       |       |     7 |   326 ||   333
  Throw: Dart              |       |       |     4 ||     4
 Invoke: Heroism           |       |       |     5 ||     5
  Evoke: Wand              |       |     3 |    10 ||    13
    Use: Scroll            |       |     5 |    12 ||    17
         Potion            |       |       |     2 ||     2
 Armour: Scale mail        |    92 |    21 |       ||   113
         Leather armour    |       |    46 |   142 ||   188
  Dodge: Dodged            |    95 |    76 |   143 ||   314
  Block: Buckler           |    43 |    75 |    95 ||   213
         Reflection        |       |     2 |       ||     2

Table legend: (Time is in decaauts)
 A = Elapsed time spent in this place.
 B = Non-inter-level travel time spent in this place.
 C = Inter-level travel time spent in this place.
 D = Time resting spent in this place.
 E = Time spent auto-exploring this place.
 F = Levels seen in this place.
 G = Mean time per level.
                   A        B        C        D        E       F      G
               +--------+--------+--------+--------+--------+-----+--------+
         Total |   8024 |   7813 |    211 |    625 |   5578 |   9 |  891.6 |
       Dungeon |   7500 |   7289 |    211 |    395 |   5578 |   8 |  937.5 |
        Bailey |    524 |    524 |      0 |    230 |      0 |   1 |  524.0 |
               +--------+--------+--------+--------+--------+-----+--------+

Top non-repeatable levels by time:
     D:2: 2222 daAuts
     D:6: 1248 daAuts
     D:5: 1110 daAuts
     D:4: 909 daAuts
     D:1: 857 daAuts
     D:3: 684 daAuts
  Bailey: 524 daAuts
     D:7: 351 daAuts
     D:8: 116 daAuts
